 Dungeon Crawl Stone Soup version 0.18.1-47-g9310371 (console) character file.

158866 Kloppie the Fencer (level 17, -2/169 HPs)
             Began as a Minotaur Berserker on June 20, 2016.
             Was an Elder of Trog.
             Killed by the raging water
             ... invoked by a water nymph
              (24 damage)
             ... on level 4 of the Shoals.
             The game lasted 01:01:44 (24333 turns).

Kloppie the Fencer (Minotaur Berserker)            Turns: 24333, Time: 01:01:45

Health: -2/169     AC: 24    Str: 24    XL:     17   Next: 15%
Magic:  7/7        EV: 26    Int:  4    God:    Trog [****..]
Gold:   1163       SH:  0    Dex: 22    Spells: 0 memorised, 16 levels left

rFire  + . .     SeeInvis .     a - +5 scimitar (flame)
rCold  + + +     Gourm    .     j - +1 plate armour {rF+}
rNeg   . . .     Faith    .     (no shield)
rPois  +         Spirit   .     (helmet restricted)
rElec  .         Dismiss  .     J - +0 cloak
rCorr  .         Reflect  .     x - +1 pair of gloves
SustAt .         Harm     .     F - +0 pair of boots
MR     +++..                    f - amulet of regeneration
Stlth  ..........               P - ring "Ylarr" {rPois rC+++ MP-9 Str+2 Stlth+}
                                G - +5 ring of evasion

@: agile, regenerating, extremely resistant to hostile enchantments, extremely
unstealthy
A: retaliatory headbutt, horns 2
a: Berserk, Trog's Hand, Brothers in Arms, Burn Spellbooks, Renounce Religion


You were on level 4 of the Shoals.
You worshipped Trog.
Trog was greatly pleased with you.
You were not hungry.

You visited 4 branches of the dungeon, and saw 27 of its levels.
You also visited: Labyrinth, Bailey, Ice Cave and Volcano.

You collected 2764 gold pieces.
You spent 1601 gold pieces at shops.

Inventory:

Hand Weapons
 a - a +5 scimitar of flaming (weapon)
 b - a +1 demon blade of electrocution
 E - a +4 triple sword of freezing
Armour
 j - a +1 plate armour of fire resistance (worn)
 x - a +1 pair of gloves (worn)
 F - a +0 pair of boots (worn)
 J - a +0 cloak (worn)
Jewellery
 f - an amulet of regeneration (around neck)
 G - a +5 ring of evasion (left hand)
 P - the ring "Ylarr" (right hand) {rPois rC+++ MP-9 Str+2 Stlth+}
   (You bought it in a shop on level 2 of the Orcish Mines)

   [ring of stealth]

   It affects your strength (+2).
   It renders you almost immune to cold.
   It protects you from poison.
   It affects your magic capacity (-9).
   It makes you more stealthy.
 Q - the ring "Zaiheo" {+Inv rElec Str+4 SInv}
   (You bought it in a shop on level 2 of the Orcish Mines)

   [ring of see invisible]

   It affects your strength (+4).
   It insulates you from electricity.
   It lets you see invisible.
   It lets you turn invisible.
 U - an uncursed ring of flight
Wands
 h - a wand of disintegration (4/24)
 t - a wand of paralysis (7/24)
 y - a wand of lightning (7/15)
 C - a wand of teleportation (5/9)
Scrolls
 d - 2 scrolls of recharging
 e - 8 scrolls of remove curse
 i - 7 scrolls of teleportation
 n - 4 scrolls of fear
 o - a scroll of fog
 p - 4 scrolls of magic mapping
 A - a scroll of blinking
 I - 3 scrolls of enchant armour
 K - 3 scrolls of identify
 M - 4 scrolls of enchant weapon
Potions
 l - 5 potions of might
 r - 13 potions of curing
 u - 5 potions of haste
 z - 2 potions of agility
 B - a potion of berserk rage
 T - a potion of invisibility
Comestibles
 c - 22 bread rations
 g - 2 chunks of flesh
 k - 7 meat rations
 m - 3 slices of pizza
 q - a royal jelly
 v - 6 beef jerkies


   Skills:
 + Level 19.6 Fighting
 + Level 19.8 Long Blades
 - Level 16.7 Armour
 + Level 10.7 Dodging


You had 16 spell levels left.
You didn't know any spells.

Dungeon Overview and Level Annotations

Branches:
Dungeon (13/15)            Temple (0/1) D:5            Lair (8/8) D:10
 Shoals (4/4) Lair:3        Snake (0/4) Lair:4        Slime (0/6) Lair:8
    Orc (2/2) D:12            Elf (0/3) Orc:2        Vaults (0/5) D:13

Altars:
Kikubaaqudgha
Makhleb
Okawaru
Ru
Sif Muna
Trog
Xom
The Shining One
Jiyva

Shops:
D:6 %   Orc:2 =%=}}

Annotations:
Lair:7 exclusion: 3 oklob plants


Innate Abilities, Weirdness & Mutations

You reflexively headbutt those who attack you in melee.
You have a pair of horns on your head.


Message History

You closely miss the merfolk impaler.
Your headbutt misses the merfolk impaler.
The merfolk impaler is moderately wounded.
The water nymph touches you. The water nymph drowns you!
* * * LOW HITPOINT WARNING * * *
Splash!
You fall into the shallow water.
Moving in this stuff is going to be slow.
The merfolk impaler hits you but does no damage.
Your unstable footing causes you to fumble your attack.
The water nymph completely misses you. You furiously retaliate!
You headbutt the water nymph.
The merfolk impaler hits you with a trident!
* * * LOW HITPOINT WARNING * * *
Drink which item? (? for menu, Esc to quit)
You feel agile all of a sudden.
The merfolk impaler hits you but does no damage.
The water nymph points at you and mumbles some strange words.
The water swirls and strikes you!
You die...

≈≈≈≈≈≈≈≈≈#,,,,,#≈(......≈≈≈≈≈≈≈≈≈
≈≈≈≈≈≈≈≈≈#,,,,,#≈.......≈≈≈≈≈≈≈≈≈
≈≈≈≈≈≈≈≈≈##,,,##.(......≈≈≈≈≈≈≈≈≈
≈≈≈≈≈≈≈≈≈.#####.)(......≈≈≈≈≈≈≈≈≈
≈≈≈...≈≈......((........≈≈≈≈≈≈≈≈≈
..#*#..≈...(.).)......≈≈≈≈≈≈≈≈≈≈≈
..# ##....).((.((....≈≈≈≈≈≈≈≈≈≈≈≈
..## ##...#####.....≈≈≈≈≈≈≈≈≈≈≈≈≈
≈..# #..##,,,##@.≈#####≈≈≈≈≈≈≈≈≈
≈≈.# #..#,,,,,#mm##,,,**≈≈≈≈≈≈≈≈
≈≈≈####))#..|≈m†≈≈#,,,,,*≈≈≈≈≈≈≈≈
≈≈≈..((<≈#...≈≈#≈≈#,,,,,*≈≈≈≈≈≈≈≈
≈≈≈≈≈≈P≈≈##...##≈≈#,,,,,*≈≈≈≈≈≈≈≈
.≈≈≈P≈≈≈≈≈####*≈≈≈#*,,,**≈≈≈≈≈≈≈≈
...≈≈≈≈≈≈≈≈≈≈≈≈≈≈≈≈**+**≈≈≈≈≈≈≈≈≈
..≈≈≈P≈≈≈≈≈≈≈≈≈≈≈≈≈≈≈≈≈≈≈≈≈≈≈≈≈≈≈
≈≈≈≈≈P≈≈≈≈≈≈≈≈≈≈≈≈≈≈≈≈≈≈≈≈≈≈≈≈≈≈≈


You could see a merfolk impaler and a water nymph.

Vanquished Creatures
  Maud (D:10)
  A frost giant (IceCv)
  An orc warlord (Orc:2)
  The ghost of baghtru the Cleaver, a journeyman HOFi of Okawaru (D:11)
  A merfolk javelineer (Shoals:3)
  A fire dragon (D:13)
  2 ettins (Orc:2)
  3 merfolk impalers
  The ghost of Vincendra the Cleaver, a journeyman MiBe of Trog (D:10)
  A minotaur (Lab)
  7 hydras
  Erica (D:10)
  Erolcha (D:8)
  3 catoblepae (Lair:8)
  2 merfolk aquamancers
  An alligator snapping turtle (Shoals:3)
  2 satyrs
  An ogre mage (Orc:2)
  18 death yaks
  The ghost of Nigilith the Quickloader, a novice DDHu of Pakellas (Bailey)
  Urug (D:10)
  An iron troll (D:13)
  2 sea snakes
  2 unseen horrors
  4 hill giants
  14 harpies
  Pikel (D:8)
  5 fauns
  An ugly thing (D:9)
  An orc sorcerer (Orc:1)
  5 griffons
  2 deep elf magi
  12 elephants
  5 cyclopes
  3 manticores
  3 toenail golems (Volcano)
  Maurice (D:9)
  8 black mambas
  Joseph (D:7)
  2 water nymphs
  An ice statue (IceCv)
  15 spiny frogs
  Psyche (D:8)
  2 gargoyles
  A kobold demonologist (D:12)
  The ghost of Dickchan the Spear-Bearer, a novice MfGl (D:5)
  2 centaur skeletons (D:12)
  5 komodo dragons
  A rime drake (Lair:2)
  A freezing wraith (D:13)
  An efreet (D:13)
  6 trolls
  18 polar bears (IceCv)
  16 merfolk
  4 two-headed ogres
  16 blink frogs
  A snapping turtle (Shoals:2)
  Sigmund (D:6)
  A spriggan (D:7)
  7 water elementals
  64 yaks
  2 wyverns
  2 basilisks (Lair:8)
  6 humans (Volcano)
  A hungry ghost (D:11)
  11 hippogriffs
  4 nagas (Lair:4)
  5 wargs
  2 mottled dragons
  12 water moccasins
  19 orc warriors
  12 porcupines
  An ice beast (D:9)
  2 black bears (Lair:1)
  3 sky beasts
  34 wolves
  A phantom (D:8)
  19 ogres
  7 centaurs
  13 crocodiles
  4 big kobolds
  11 giant frogs
  A gnoll sergeant (D:8)
  A scorpion (D:4)
  5 killer bees (D:10)
  7 jellies
  An electric eel (Lair:5)
  A howler monkey (D:10)
  11 crimson imps
  6 hounds
  25 orc wizards
  13 orc priests
  3 giant frog skeletons
  A gnoll shaman (D:10)
  9 iguanas
  10 worker ants
  70 sheep
  2 hound skeletons
  A howler monkey zombie (D:6)
  A worker ant zombie (D:5)
  14 gnolls
  A howler monkey skeleton (D:5)
  11 adders
  66 river rats
  4 shadow imps
  12 white imps (Lair:5)
  2 oozes (D:2)
  3 adder skeletons
  2 adder zombies (D:7)
  2 dart slugs
  3 giant geckos
  69 orcs
  4 bats
  8 giant cockroaches
  5 goblins
  18 hobgoblins
  2 jackals (D:7)
  28 kobolds
  2 quokkas (D:4)
  2 ball pythons
  2 giant newts
  A jackal skeleton (D:4)
  8 rats
  A plant (Lair:8)
898 creatures vanquished.

Vanquished Creatures (collateral kills)
  A stone giant (Orc:2)
  An ogre mage (Orc:2)
  A merfolk impaler (Shoals:3)
  A merfolk avatar (Shoals:4)
  3 death yaks (Lair:8)
  2 deep trolls (Orc:2)
  2 griffons (Shoals:3)
  A cyclops (Orc:2)
  5 fauns
  An elephant (Lair:8)
  A spiny frog (Lair:8)
  3 trolls (Orc:2)
  3 two-headed ogres (Orc:2)
  2 orc warriors (Orc:2)
  9 ogres (Orc:2)
  4 orcs (Orc:2)
  A butterfly (Lair:8)
41 creatures vanquished.

Vanquished Creatures (others)
  An iguana (Lair:5)
  17 fungi
  5 plants
23 creatures vanquished.

Grand Total: 962 creatures vanquished

Notes
Turn   | Place    | Note
--------------------------------------------------------------
     0 | D:1      | Kloppie the Minotaur Berserker began the quest for the Orb.
     0 | D:1      | Reached XP level 1. HP: 19/19 MP: 0/0
    65 | D:1      | Reached XP level 2. HP: 11/27 MP: 1/1
   568 | D:1      | Reached XP level 3. HP: 32/33 MP: 2/2
   790 | D:2      | Reached ** piety under Trog
  1150 | D:2      | Found a burning altar of Makhleb.
  1152 | D:2      | Reached XP level 4. HP: 41/41 MP: 3/3
  1331 | D:3      | Reached skill level 5 in Fighting
  1331 | D:3      | Reached skill level 5 in Long Blades
  1333 | D:3      | Reached XP level 5. HP: 48/48 MP: 4/4
  1890 | D:3      | Reached XP level 6. HP: 56/56 MP: 5/5
  1892 | D:3      | Reached *** piety under Trog
  1928 | D:3      | Found a bloodstained altar of Trog.
  1928 | D:3      | Found a shimmering altar of Xom.
  2321 | D:4      | Reached skill level 5 in Armour
  2805 | D:5      | Entered Level 5 of the Dungeon
  2848 | D:5      | Noticed a sky beast
  2865 | D:5      | Killed a sky beast
  2865 | D:5      | Reached XP level 7. HP: 54/63 MP: 6/6
  2935 | D:5      | Found a staircase to the Ecumenical Temple.
  3409 | D:5      | Noticed Dickchan's ghost (novice MfGl)
  3424 | D:5      | Killed Dickchan's ghost
  3424 | D:5      | Reached XP level 8. HP: 68/73 MP: 7/7
  3833 | D:6      | Noticed Sigmund
  3871 | D:6      | Killed Sigmund
  4065 | D:6      | Found Unomiu's Food Shoppe.
  4491 | D:6      | Found an iron altar of Okawaru.
  4597 | D:7      | Found a sacrificial altar of Ru.
  4666 | D:7      | Identified a scroll of acquirement
  4768 | D:7      | Noticed Joseph
  4786 | D:7      | Killed Joseph
  4786 | D:7      | Reached XP level 9. HP: 73/83 MP: 8/8
  5013 | D:7      | Reached **** piety under Trog
  5399 | D:8      | Noticed Pikel
  5410 | D:8      | Killed Pikel
  5470 | D:8      | Reached skill level 10 in Fighting
  5506 | D:8      | Reached skill level 10 in Long Blades
  5867 | D:8      | Noticed Psyche
  5877 | D:8      | Noticed Erolcha
  5887 | D:8      | Killed Psyche
  5887 | D:8      | Reached skill level 10 in Armour
  5893 | D:8      | Killed Erolcha
  5893 | D:8      | Reached XP level 10. HP: 94/94 MP: 9/9
  6005 | D:8      | Found a deep blue altar of Sif Muna.
  6061 | D:9      | Noticed Maurice
  6089 | D:9      | Killed Maurice
  6158 | D:9      | Noticed a cyan ugly thing
  6174 | D:9      | Killed a cyan ugly thing
  6326 | D:9      | Found an ancient bone altar of Kikubaaqudgha.
  6356 | D:9      | Noticed a gargoyle
  6371 | D:9      | Killed a gargoyle
  6487 | D:9      | Found a glowing golden altar of the Shining One.
  6625 | D:10     | Entered Level 10 of the Dungeon
  6670 | D:10     | Noticed Erica
  6682 | D:10     | Noticed Vincendra's ghost (journeyman MiBe)
  6684 | D:10     | Killed Erica
  6770 | D:10     | Killed Vincendra's ghost
  7219 | D:10     | Noticed Maud
  7247 | D:10     | Killed Maud
  7247 | D:10     | Reached XP level 11. HP: 104/104 MP: 10/10
  7409 | D:10     | Noticed Urug
  7424 | D:10     | Killed Urug
  7519 | D:10     | Found a staircase to the Lair.
  7825 | Lair:1   | Entered Level 1 of the Lair of Beasts
  8141 | Lair:1   | Noticed a seven-headed hydra
  8147 | Lair:1   | Killed a five-headed hydra
  8161 | Lair:1   | HP: 8/160 [sheep (1)]
  8248 | Lair:1   | Received a gift from Trog
  8336 | Lair:1   | Found a labyrinth entrance.
  8348 | Lab      | Entered a labyrinth
  9133 | Lab      | Noticed a minotaur
  9138 | Lab      | Killed a minotaur
  9213 | D:10     | Reached XP level 12. HP: 91/115 MP: 11/11
  9828 | Lair:2   | Found a dark tunnel.
  9844 | Volcano  | Entered a volcano
 10241 | Lair:2   | Reached ***** piety under Trog
 10786 | Lair:3   | Found a staircase to the Shoals.
 10793 | Lair:3   | Noticed an eight-headed hydra
 10800 | Lair:3   | Killed a five-headed hydra
 11350 | Lair:3   | Received a gift from Trog
 11672 | Lair:4   | Found a staircase to the Snake Pit.
 11714 | Lair:4   | Noticed a five-headed hydra
 11723 | Lair:4   | Killed a one-headed hydra
 11723 | Lair:4   | Reached skill level 15 in Long Blades
 11910 | Lair:4   | Reached skill level 15 in Fighting
 11910 | Lair:4   | Reached XP level 13. HP: 122/126 MP: 12/12
 12531 | Lair:5   | Found a frozen archway.
 12624 | IceCv    | Entered an ice cave
 12876 | IceCv    | Reached skill level 15 in Armour
 13159 | IceCv    | Noticed a frost giant
 13183 | IceCv    | Killed a frost giant
 13439 | IceCv    | Identified the Guide on Snow
 13442 | IceCv    | Got an encrusted arbalest
 13924 | Lair:5   | Received a gift from Trog
 13935 | Lair:5   | Identified the +6 arbalest "Ewepod" {flame, -Tele Str+3 Int-3 Dex+9} (You found it in an ice cave)
 15494 | Lair:6   | Received a gift from Trog
 15529 | Lair:6   | Reached XP level 14. HP: 128/138 MP: 13/13
 16219 | Lair:7   | Got a slimy ring mail
 16230 | Lair:7   | Identified the +5 ring mail of Impatience {Int+4 Dex+3} (You found it on level 7 of the Lair of Beasts)
 16432 | Lair:7   | Received a gift from Trog
 16980 | D:11     | Found a sacrificial altar of Ru.
 17169 | D:11     | Noticed baghtru's ghost (journeyman HOFi)
 17192 | D:11     | Killed baghtru's ghost
 17559 | D:12     | Found a staircase to the Orcish Mines.
 18299 | D:13     | Reached ****** piety under Trog
 18465 | D:13     | Received a gift from Trog
 18854 | D:13     | Found a gate to the Vaults.
 18989 | Orc:1    | Entered Level 1 of the Orcish Mines
 19008 | Orc:1    | Found a flagged portal.
 19019 | Bailey   | Entered a bailey
 19154 | Bailey   | Noticed Nigilith's ghost (novice DDHu)
 19168 | Bailey   | Killed Nigilith's ghost
 19719 | Orc:2    | Entered Level 2 of the Orcish Mines
 19780 | Orc:2    | Noticed an orc warlord
 19806 | Orc:2    | Received a gift from Trog
 19955 | Orc:2    | Killed an orc warlord
 20247 | Orc:2    | Found a staircase to the Elven Halls.
 20294 | Orc:2    | Found Tetyaray's Quality Used Wands.
 20534 | Orc:2    | Found Jiufae's Gadget Boutique.
 20535 | Orc:2    | Found Ziskex's Jewellery Shop.
 20545 | Orc:2    | Noticed a stone giant
 20556 | Orc:2    | Killed a stone giant
 20571 | Orc:2    | Reached XP level 15. HP: 149/149 MP: 14/14
 20624 | Orc:2    | Found Fapiud's Food Shoppe.
 20631 | Orc:2    | Bought a cursed -2 ring of intelligence for 30 gold pieces
 20634 | Orc:2    | Found Miuppoyc's Jewellery Boutique.
 20643 | Orc:2    | Bought the ring "Ylarr" {rPois rC+++ MP-9 Str+2 Stlth+} for 950 gold pieces
 20643 | Orc:2    | Bought the ring "Zaiheo" {+Inv rElec Str+4 SInv} for 621 gold pieces
 20901 | Lair:1   | Reached XP level 16. HP: 157/157 MP: 6/15
 21012 | Lair:8   | Entered Level 8 of the Lair of Beasts
 21016 | Lair:8   | Received a gift from Trog
 21148 | Lair:8   | Found a viscous altar of Jiyva.
 21149 | Lair:8   | Found a staircase to the Slime Pits.
 21682 | Lair:8   | Received a gift from Trog
 22484 | Shoals:1 | Entered Level 1 of the Shoals
 23190 | Shoals:3 | Reached skill level 10 in Dodging
 23242 | Shoals:3 | Received a gift from Trog
 23752 | Shoals:4 | Entered Level 4 of the Shoals
 23772 | Shoals:4 | Reached XP level 17. HP: 105/168 MP: 7/16
 24333 | Shoals:4 | Killed from afar by a water nymph

Skill      XL: |  1  2  3  4  5  6  7  8  9 10 11 12 13 14 15 16 |
---------------+-------------------------------------------------+-----
Fighting       | 4 5 6 7 9 10 12 13 15 16 17 18 19 | 19.6
Long Blades    | 4 5 6 7 9 10 12 13 15 16 18 19 | 19.8
Armour         | 3 4 5 7 8 10 12 13 14 16 | 16.7
Dodging        | 7 10 | 10.7

Action                   |  1- 3 |  4- 6 |  7- 9 | 10-12 | 13-15 | 16-18 || total
-------------------------+-------+-------+-------+-------+-------+-------++-------
Melee: Falchion          |    91 |   124 |   263 |   188 |       |       ||   666
       Headbutt          |    14 |    25 |    64 |   138 |   237 |   170 ||   648
       Scimitar          |       |       |       |   425 |  1076 |   590 ||  2091
       Demon blade       |       |       |       |       |    31 |       ||    31
Invok: Berserk           |       |     2 |     1 |     8 |     3 |       ||    14
       Trog's Hand       |       |     1 |     3 |    13 |     8 |     8 ||    33
       Brothers in Arms  |       |       |       |       |     5 |     6 ||    11
Evoke: Wand              |       |       |     5 |     2 |     3 |       ||    10
  Use: Scroll            |       |     9 |    10 |    12 |     9 |     2 ||    42
       Potion            |       |       |       |     3 |     2 |     5 ||    10
 Stab: Paralysed         |       |       |    13 |    10 |     1 |       ||    24
       Invisible         |       |       |       |     4 |       |       ||     4
       Petrified         |       |       |       |       |       |     2 ||     2
  Eat: Chunk             |       |     8 |     9 |    33 |    27 |    14 ||    91
       Royal jelly       |       |       |     1 |       |       |       ||     1
       Meat ration       |       |       |     1 |       |       |       ||     1
Armor: Animal skin       |     8 |       |       |       |       |       ||     8
       Chain mail        |    29 |    75 |    90 |       |       |       ||   194
       Plate armour      |       |       |    31 |   232 |   155 |   346 ||   764
       Quicksilver drago |       |       |       |    92 |   337 |       ||   429
Dodge: Dodged            |    42 |    47 |    95 |   241 |   944 |   618 ||  1987
